[Event "Early-Titled-Tuesday-Blitz-August-29-2023"]
[Site "Chess.com"]
[Date "2023.08.29"]
[Round "11"]
[White "Boundless_Strike"]
[Black "sorch29"]
[Result "0-1"]
[WhiteElo "2489"]
[BlackElo "2392"]
[TimeControl "180+1"]
[EndTime "10:02:41 PDT"]
[Termination "sorch29 won on time"]

1. e4 c5 2. Nc3 d6 3. f4 Nc6 4. Nf3 Nf6 5. Bb5 Bd7 6. O-O e6 7. d3 Be7 8. Bxc6 Bxc6 9. Qe1 O-O 10. Qg3 Re8 11. e5 Nd7 12. Bd2 b5 13. Rae1 d5 14. f5 exf5 15. e6 fxe6 16. Rxe6 Rc8 17. Rfe1 Nf8 18.
R6e2 b4 19. Nd1 Bf6 20. Rxe8 Bxe8 21. Bg5 Bf7 22. Ne3 g6 0-1

[Event "Early-Titled-Tuesday-Blitz-August-29-2023"]
[Site "Chess.com"]
[Date "2023.08.29"]
[Round "11"]
[White "Magila31"]
[Black "Inepton_Fermion"]
[Result "0-1"]
[WhiteElo "2464"]
[BlackElo "2385"]
[TimeControl "180+1"]
[EndTime "10:02:45 PDT"]
[Termination "Inepton_Fermion won by resignation"]

1. d4 Nf6 2. c4 e6 3. Nf3 b6 4. g3 Bb7 5. Bg2 Bb4+ 6. Nbd2 O-O 7. O-O d5 8. Ne5 Be7 9. b3 Nbd7 10. Bb2 c5 11. dxc5 Nxe5 12. Bxe5 bxc5 13. Rc1 Qb6 14. e3 Rfd8 15. Qe2 d4 16. exd4 Bxg2 17. Kxg2 cxd4 18. Bxf6 Bxf6 19. c5 Qc6+ 20. Qe4 Rd5 21. b4 Rc8 22. Nc4 Rxc5 23. bxc5 Qxe4+ 24. f3 Qd5 25. Nd6 Rxc5 26. Ne4 Rxc1 27. Rxc1 Qxa2+ 28. Kh3 h6 29. Rc8+ Kh7 30. Nd6 e5 31. Rc7 Qe6+ 0-1

[Event "Early-Titled-Tuesday-Blitz-August-29-2023"]
[Site "Chess.com"]
[Date "2023.08.29"]
[Round "11"]
[White "Fandorine"]
[Black "jerry_77"]
[Result "1/2-1/2"]
[WhiteElo "2933"]
[BlackElo "2647"]
[TimeControl "180+1"]
[EndTime "10:02:46 PDT"]
[Termination "Game drawn by repetition"]

1. e4 c6 2. Nf3 d5 3. d3 g6 4.
e5 Bg7 5. d4 Bg4 6. Nbd2 e6 7. h3 Bxf3 8. Nxf3 Ne7 9. c3 Nd7 10.
Bd3 c5 11. O-O Nc6 12. Be3 Qb6 13. Rb1 cxd4 14. cxd4 O-O 15. a3 Rac8 16. b4 Ne7 17. h4 Nf5 18. h5 Nxe3 19. fxe3 Bh6 20. Qd2 Qc6 21. g4 Qc3 22. Qe2 Rfd8 23. g5 Bg7 24. Nh4 Nxe5 25. dxe5 Qxe5 26. Nf3 Qg3+ 27. Qg2 Qxg2+ 28.
Kxg2 Rc3 29. Rfd1 Rxa3 30. h6 Bc3 31. e4 d4 32. b5 Rc8 33. e5 Kf8 34. Kg3 Ke7 35. Kf4 Rc5 36. Ke4 Ba5 37. Ra1 Rcc3 38.
Rxa3 Rxa3 39. Nxd4 Ra4 40. Rc1 Bb6 41. Rc4 Rxc4 42.
Bxc4 Bxd4 43. Kxd4 b6 44. Bd3 Kf8 45. Be4 Ke7 46. Kc4 Kf8 47. Bc6 Ke7 48. Kd4 Kf8 49.
Ke4 Ke7 50. Kd4 Kf8 51. Kc3 Ke7 52. Kb4 Kf8 53. Ka4 Ke7 54. Kb4 Kf8 55. Ka4 Ke7 56.
Kb3 Kf8 57. Kc4 Ke7 58. Be4 Kf8 59. Bb7 Ke7 60. Kd4 Kf8 61. Ba6 Ke7 62. Ke4 Kd7 63.
Kf4 Kc7 64. Ke3 Kd7 65. Kd4 Kc7 66. Ke4 Kb8 67. Kd4 Kc7 68. Ke4 Kb8 69. Kd4 Kc7 1/2-1/2

[Event "Early-Titled-Tuesday-Blitz-August-29-2023"]
[Site "Chess.com"]
[Date "2023.08.29"]
[Round "11"]
[White "kasun_bole"]
[Black "Rutricks"]
[Result "1-0"]
[WhiteElo "2382"]
[BlackElo "2613"]
[TimeControl "180+1"]
[EndTime "10:02:46 PDT"]
[Termination "kasun_bole won by resignation"]

1. d4 g6 2. c4 Bg7 3. Nc3 d6 4. e4 Nd7 5. Nf3 e5 6. Be2 Ngf6 7. Be3 O-O 8. O-O Re8 9. d5 a5 10. a3 Nc5 11. Bxc5 dxc5 12. Nd2 Bh6 13. Rb1 Bd7 14. b4 axb4 15. axb4 Qe7 16. bxc5 Reb8 17. Nb3 Ra3 18. Kh1 Qf8 19. Bf3 Rba8 20. Nb5 Bxb5 21. cxb5 b6 22. c6 Ne8 23. Qc2 Qb4 24. Nc1 Rc3 25.
Rxb4 Rxc2 26. Nd3 f6 27. Rbb1 Ra3 28. Nb4 Rc4 29. Na6 Bf8 30. Ra1 Rb3 31. h3 Rc2 32.
Bd1 Rcb2 33. Bxb3 Rxb3 34. Rfb1 Rd3 35. Nb8 Bc5 36. f3 Kf7 37. Ra7 f5 38. Na6 Bd6 39. Kg1 Rd2 40. Kf1 h5 41. Rb7 Ra2 42. Rb8 Ke7 43.
Ra8 Rd2 44. Ra1 Rb2 45. Nb8 Rxb5 46. R1a7 fxe4 47. fxe4 Rb4 48. Na6 Rxe4 49. Rb8 Ra4 50. Rxe8+ Kxe8 51. Nxc7+ Bxc7 52. Rxa4 Ke7 53. Ra7 Kd6 54.
Ke2 b5 55. Kd3 e4+ 56. Kxe4 b4 57. Rb7 1-0

[Event "Early-Titled-Tuesday-Blitz-August-29-2023"]
[Site "Chess.com"]
[Date "2023.08.29"]
[Round "11"]
[White "Firouzja2003"]
[Black "nihalsarin"]
[Result "0-1"]
[WhiteElo "3105"]
[BlackElo "3155"]
[TimeControl "180+1"]
[EndTime "10:02:47 PDT"]
[Termination "nihalsarin won by resignation"]

1. e4 c6 2. d4 d5 3. exd5 cxd5 4. Bd3 Nc6 5. c3 Qc7 6. h3 g6 7. Nf3 Bf5 8. O-O Nf6 9. Re1 e6 10. Bf1 h5 11. a4 Bd6 12. Na3 a6 13. Nc2 Ne4 14. Ne3 O-O-O 15. Bd2 Rdg8 16. c4 g5 17. cxd5 g4 18. Nxf5 exf5 19. Ne5 gxh3 20. dxc6 Bxe5 21. dxe5 hxg2 22. Bd3 h4 23. cxb7+ Kb8 24. Bxe4 h3 25. Kh2 Qxe5+ 26. f4 g1=Q+ 27. Rxg1 Qxe4 28. Qf1 Rg2+ 0-1

[Event "Early-Titled-Tuesday-Blitz-August-29-2023"]
[Site "Chess.com"]
[Date "2023.08.29"]
[Round "11"]
[White "Mikhail_Golubev"]
[Black "JoshuaGK27"]
[Result "1-0"]
[WhiteElo "2554"]
[BlackElo "2401"]
[TimeControl "180+1"]
[EndTime "10:02:47 PDT"]
[Termination "Mikhail_Golubev won on time"]

1. e4 c5 2. Nf3 d6 3. d4 cxd4 4.
Nxd4 Nf6 5. Nc3 a6 6. Bc4 e6 7.
O-O b5 8. Bb3 Be7 9. Qf3 Qb6 10.
Be3 Qb7 11. Qg3 b4 12. Na4 Nbd7 13. f3 O-O 14. Rac1 Kh8 15. c3 bxc3 16. Rxc3 Nc5 17.
Nxc5 dxc5 18. Ne2 Bd7 19. Bxc5 Bxc5+ 20. Rxc5 Bb5 21. Re1 Bxe2 22. Rxe2 a5 23. Rc1 a4 24. Bc4 Rfc8 25. Qe1 Rab8 26. Rec2 Qb6+ 27. Qf2 Qb4 28. Bf1 Rxc2 29. Rxc2 Nd7 30. a3 Qb7 31. Qd4 Nb6 32. Qd6 h6 33. Rc7 Qa8 34. Rxf7 Qa5 35. Qxb8+ Kh7 36. Qc7 1-0

[Event "Early-Titled-Tuesday-Blitz-August-29-2023"]
[Site "Chess.com"]
[Date "2023.08.29"]
[Round "11"]
[White "Tomytoteph"]
[Black "Juicy_Fork"]
[Result "1-0"]
[WhiteElo "2633"]
[BlackElo "2447"]
[TimeControl "180+1"]
[EndTime "10:02:48 PDT"]
[Termination "Tomytoteph won by checkmate"]

1. e4 e5 2. Nf3 Nc6 3. Bb5 a6 4. Ba4 Nge7 5. O-O Ng6 6. c3 d5 7. exd5 Qxd5 8. d4 Bg4 9. Nbd2 O-O-O 10. h3 Bxf3 11. Nxf3 e4 12. Ng5 Rd7 13. Bb3 Qf5 14. g4 Qf6 15. Nxe4 Qh4 16. Qf3 Be7 17. Ba4 h5 18. g5 Rd5 19. Be3 Nce5 20. dxe5 Nxe5 21. Qg2 f5 22. gxf6 gxf6 23. Rad1 Rxd1 24. Rxd1 f5 25. Qg7 Rd8 26. Rxd8+ Bxd8 27. Qxe5 fxe4 28. Qf5+ Kb8 29. Bc2 Qe7 30. Bxe4 Qd6 31. Qd5 Qf6 32. Qxb7# 1-0

[Event "Early-Titled-Tuesday-Blitz-August-29-2023"]
[Site "Chess.com"]
[Date "2023.08.29"]
[Round "11"]
[White "Brave_spirit12"]
[Black "Barbus89"]
[Result "1-0"]
[WhiteElo "2839"]
[BlackElo "2545"]
[TimeControl "180+1"]
[EndTime "10:02:49 PDT"]
[Termination "Brave_spirit12 won by checkmate"]

1. e4 c6 2. d4 d5 3. exd5 cxd5 4. c4 Nf6 5. Nc3 g6 6. cxd5 Bg7 7. Qb3 O-O 8. Be2 Na6 9. Bf3 b5 10. Nge2 Rb8 11.
Bf4 Rb6 12. O-O Bb7 13. Be5 b4 14. Na4 Rb5 15. Nac3 Rb6 16. Na4 Rb5 17. Nec3 Ra5 18. Nc5 Nxc5 19. dxc5 Rxc5 20. Qxb4 Qb6 21. Qf4 Nxd5 22.
Bxd5 Bxd5 23. Bxg7 Kxg7 24. Na4 Rc4 25. Nxb6 Rxf4 26.
Nxd5 Rd4 27. Ne3 Rb8 28. b3 Rd2 29. Rfd1 Rb2 30. Nc4 Rc2 31. Rd2 Rxd2 32. Nxd2 Rd8 33. Nf3 Rc8 34. Kf1 f6 35. Ke2 Rc2+ 36. Nd2 e5 37.
Kd3 Rc6 38. Nc4 Kf7 39. a4 Ke6 40. a5 f5 41. f3 Kd5 42. Re1 Re6 43. b4 e4+ 44.
fxe4+ fxe4+ 45. Kc3 a6 46. Nb6+ Kc6 47. Na4 Kb5 48. Nc5 Rf6 49. Rxe4 Rf2 50. Re6 Rxg2 51. Rb6# 1-0

[Event "Early-Titled-Tuesday-Blitz-August-29-2023"]
[Site "Chess.com"]
[Date "2023.08.29"]
[Round "11"]
[White "TanitoluwaAps116"]
[Black "brm72"]
[Result "1-0"]
[WhiteElo "2781"]
[BlackElo "2571"]
[TimeControl "180+1"]
[EndTime "10:02:49 PDT"]
[Termination "TanitoluwaAps116 won by resignation"]

1. e4 c5 2. Nf3 Nc6 3. Bb5 e5 4.
Bxc6 dxc6 5. d3 Bd6 6. Be3 Ne7 7. Nbd2 O-O 8. O-O f6 9. a3 Be6 10. c3 b6 11. b4 cxb4 12. axb4 a5 13. Nc4 Bc7 14.
bxa5 Bxc4 15. dxc4 bxa5 16. Bc5 Kf7 17. Qa4 Ra6 18.
Rfd1 Qc8 19. Nh4 g6 20. Ra2 Qg4 21. Rad2 Qxh4 22. Bxe7 Kxe7 23. Rd7+ Ke6 24. c5 f5 25.
Qc4+ Kf6 26. Qxa6 1-0

[Event "Early-Titled-Tuesday-Blitz-August-29-2023"]
[Site "Chess.com"]
[Date "2023.08.29"]
[Round "11"]
[White "BillieKimbah"]
[Black "WhiteKnight2612"]
[Result "1-0"]
[WhiteElo "3038"]
[BlackElo "2848"]
[TimeControl "180+1"]
[EndTime "10:02:50 PDT"]
[Termination "BillieKimbah won by resignation"]

1. d4 Nf6 2. Nf3 e6 3. Bg5 d5 4. e3 Be7 5. Nbd2 h6 6. Bf4 c5 7. c3 Nc6 8. Bd3 O-O 9. g4 Nxg4 10. Rg1 f5 11. h3 cxd4 12. hxg4 fxg4 13. cxd4 gxf3 14. Bxh6 Rf7 15. Nxf3 Qa5+ 16. Kf1 Bd7 17. Ng5 Bxg5 18. Rxg5 Qd8 19. Qh5 Qf6 20. f4 Ne7 21.
Kf2 Kf8 22. Rg6 Nxg6 23. Bg5 Nxf4 24. Qh8+ Ke7 25. Bxf6+ gxf6 26. Qxa8 Nxd3+ 27. Ke2 Nxb2 28. Qxa7 Bb5+ 29. Kf3 Ba6 30. Rh1 Nc4 31. Rh8 Nd6 32. Qb8 Kd7 33. Rd8+ 1-0

[Event "Early-Titled-Tuesday-Blitz-August-29-2023"]
[Site "Chess.com"]
[Date "2023.08.29"]
[Round "11"]
[White "Preobrazhenska_D2011"]
[Black "Pax-Pramana"]
[Result "0-1"]
[WhiteElo "2333"]
[BlackElo "2508"]
[TimeControl "180+1"]
[EndTime "10:02:50 PDT"]
[Termination "Pax-Pramana won on time"]

1. e4 c5 2. Nf3 e6 3. g3 d5 4.
exd5 exd5 5. Bg2 Nf6 6. O-O Be7 7. d4 O-O 8. dxc5 Bxc5 9. a3 Bg4 10. b4 Bb6 11. Bb2 Nc6 12. h3 Bh5 13. g4 Bg6 14. Nc3 Re8 15. Re1 Rc8 16. Rxe8+ Qxe8 17. Nxd5 Nxd5 18. Qxd5 Qe2 19. Rf1 Be4 20. Qg5 f6 21. Bxf6 Rc7 22. Nh4 h6 23. Qh5 Bxg2 24. Nxg2 gxf6 25.
Qg6+ Rg7 26. Qxf6 Nd4 27. Rb1 Qxc2 28. Ra1 Qb2 29. Rf1 Ne2+ 30. Kh1 Qxf6 0-1

[Event "Early-Titled-Tuesday-Blitz-August-29-2023"]
[Site "Chess.com"]
[Date "2023.08.29"]
[Round "11"]
[White "Rud_Makarian"]
[Black "averageFM"]
[Result "1-0"]
[WhiteElo "3008"]
[BlackElo "2558"]
[TimeControl "180+1"]
[EndTime "10:02:51 PDT"]
[Termination "Rud_Makarian won by resignation"]

1. d4 Nf6 2. c4 c5 3. dxc5 e6 4. g3 Bxc5 5. Bg2 O-O 6. Nf3 d5 7. O-O Nc6 8. cxd5 Nxd5 9. a3 a5 10. e4 Nf6 11. Qc2 b6 12. e5 Nd5 13. Nc3 Nxc3 14.
bxc3 h6 15. Qe4 Bb7 16. Qg4 Kh8 17. Qh5 Qd3 18. Ng5 Qxc3 19. Bf4 Bxf2+ 20. Kh1 Bd4 21. Ne4 Qxa1 22. Rxa1 Bxa1 23. Bxh6 Bxe5 24. Bd2+ Kg8 25. Ng5 Rfd8 26. Qxf7+ Kh8 27. Qh5+ Kg8 28. Qf7+ Kh8 29. Qg6 Kg8 30. Qxe6+ Kh8 31. Nf7+ Kh7 32. Be4+ 1-0

[Event "Early-Titled-Tuesday-Blitz-August-29-2023"]
[Site "Chess.com"]
[Date "2023.08.29"]
[Round "11"]
[White "GM_shahin"]
[Black "Ariadna_Atreides"]
[Result "1-0"]
[WhiteElo "2706"]
[BlackElo "2224"]
[TimeControl "180+1"]
[EndTime "10:02:51 PDT"]
[Termination "GM_shahin won on time"]

1. d4 Nf6 2. Bg5 c5 3. Nc3 cxd4 4. Qxd4 Nc6 5. Qh4 Qa5 6. e4 Nd4 7. O-O-O e5 8. Bxf6 gxf6 9. Qxf6 Rg8 10. Bc4 Ne6 11. Nf3 Rg6 12. Qxe5 Qxe5 13. Nxe5 Rxg2 14. f4 Bh6 15.
Kb1 Bxf4 16. Nxf7 Kxf7 17. Rdf1 Rg4 18. Ne2 Ke7 19. Bxe6 dxe6 20. Rxf4 e5 21. Rxg4 Bxg4 22. Nc3 Rf8 23. Nd5+ Ke6 24. Ne3 Bf3 25. Rf1 Rf7 26. Nc4 b5 27. Nd2 Bg2 28. Rxf7 Kxf7 29. a4 a6 30.
axb5 axb5 31. Ka2 Kf6 32. Kb3 Kg5 33. Kc3 Kf4 34. Kd3 h5 35. b4 h4 36. c4 bxc4+ 37.
Kxc4 Bxe4 38. Nxe4 Kxe4 39. b5 Kf3 40. b6 e4 41. b7 e3 42. b8=Q e2 43. Qf8+ Kg2 44.
Qe7 Kf1 45. Qxh4 e1=Q 46. Qxe1+ Kxe1 47. h4 1-0

[Event "Early-Titled-Tuesday-Blitz-August-29-2023"]
[Site "Chess.com"]
[Date "2023.08.29"]
[Round "11"]
[White "Haykoooo0o"]
[Black "Djager97"]
[Result "1-0"]
[WhiteElo "2472"]
[BlackElo "2583"]
[TimeControl "180+1"]
[EndTime "10:02:53 PDT"]
[Termination "Haykoooo0o won by resignation"]

1. c4 Nf6 2. b3 e6 3. Bb2 d5 4.
Nf3 Be7 5. e3 b6 6. Be2 Bb7 7.
O-O O-O 8. d3 c5 9. cxd5 exd5 10. Nbd2 Nbd7 11. a3 Re8 12. Rc1 Bd6 13. Rc2 Qe7 14.
Qa1 d4 15. Nc4 dxe3 16. fxe3 Bc7 17. e4 b5 18. Ne3 Bb6 19. Nf5 Qf8 20. Kh1 Rad8 21.
N3h4 Re6 22. Rf3 Bc7 23. b4 Be5 24. bxc5 Bxb2 25. Qxb2 Ne5 26. Rg3 g6 27. Nd6 Bc6 28.
d4 Nxe4 29. dxe5 Nxg3+ 30. hxg3 Qh6 31. Qc1 Qg7 32. Qg5 Rd7 33. Nf3 h6 34. Qf4 Kh7 35.
Bxb5 Bxb5 36. Nxb5 Rd1+ 37. Kh2 g5 38. Qf5+ Kh8 39.
Nd6 g4 40. Nxf7+ Kg8 41. Qxe6 Qxf7 42. Qxf7+ Kxf7 43. Nh4 1-0

[Event "Early-Titled-Tuesday-Blitz-August-29-2023"]
[Site "Chess.com"]
[Date "2023.08.29"]
[Round "11"]
[White "dosto07"]
[Black "MatyChess1"]
[Result "0-1"]
[WhiteElo "2464"]
[BlackElo "2666"]
[TimeControl "180+1"]
[EndTime "10:02:53 PDT"]
[Termination "MatyChess1 won by resignation"]

1. e4 c6 2. d4 d5 3. Nc3 dxe4 4. Nxe4 Nf6 5. Nxf6+ exf6 6. c3 Bd6 7. Bd3 O-O 8.
Qc2 Re8+ 9. Ne2 h5 10. h3 h4 11.
Bd2 Nd7 12. O-O Nf8 13. Rae1 Be6 14. b3 Bc7 15. Bf4 a5 16. Bxc7 Qxc7 17. c4 Rad8 18. Rd1 Bc8 19. Nc3 Ne6 20. d5 Nf4 21. Be4 g6 22. Qd2 Qe5 23. Rfe1 Qg5 24. Kh2 Rxe4 25. g3 Rxe1 26. Rxe1 hxg3+ 27. fxg3 Nxh3 28. Qxg5 Nxg5 29. Re7 f5 30. Rc7 cxd5 31. Nxd5 Be6 32. Nf4 Rd2+ 33.
Kg1 Rxa2 34. Rxb7 Rb2 35. c5 a4 36. c6 axb3 37. c7 Nf3+ 38. Kf1 Bc4+ 0-1

[Event "Early-Titled-Tuesday-Blitz-August-29-2023"]
[Site "Chess.com"]
[Date "2023.08.29"]
[Round "11"]
[White "LUISMIGUELOV"]
[Black "expii"]
[Result "0-1"]
[WhiteElo "2089"]
[BlackElo "2242"]
[TimeControl "180+1"]
[EndTime "10:02:53 PDT"]
[Termination "expii won by resignation"]

1. d4 d5 2. c3 Nf6 3. Bg5 e6 4. Nd2 c5 5. e3 Nc6 6. Bd3 h6 7. Bxf6 Qxf6 8. f4 c4 9. Bc2 Bd6 10. Ngf3 Bd7 11. O-O Qe7 12. b3 cxb3 13. axb3 f5 14.
c4 Bb4 15. c5 O-O 16. Ne5 Nxe5 17. fxe5 Bb5 18. Rf3 a5 19. Rg3 f4 20. exf4 Bc3 21. Nf3 Bxa1 22. Qxa1 Rxf4 23. Qc1 Raf8 24. Bb1 Qf7 25.
Qc2 Re4 26. h3 Qf4 27. Rg4 Qe3+ 28. Kh2 Bc6 29. Rg6 Rxf3 30. gxf3 Qxf3 31. Rg2 Qf4+ 32. Rg3 Bb5 33. Qc3 Re2+ 34. Kh1 Qf2 35. Rxg7+ Kxg7 0-1

[Event "Early-Titled-Tuesday-Blitz-August-29-2023"]
[Site "Chess.com"]
[Date "2023.08.29"]
[Round "11"]
[White "MdChess1734"]
[Black "Zq1"]
[Result "0-1"]
[WhiteElo "2373"]
[BlackElo "2534"]
[TimeControl "180+1"]
[EndTime "10:02:56 PDT"]
[Termination "Zq1 won on time"]

1. e4 c5 2. Nf3 d6 3. d4 cxd4 4. Nxd4 Nf6 5. Nc3 Nc6 6. Bg5 e6 7. Qd2 Be7 8. O-O-O O-O 9. Ndb5 h6 10. Bxf6 Bxf6 11. Nxd6 Qc7 12. f4 e5 13. Ndb5 Qa5 14.
Nd5 Qxa2 15. Nxf6+ gxf6 16. Qc3 Be6 17. Bd3 Rac8 18.
Kd2 Nd4 19. Qa3 Nxb5 20. Qxa2 Bxa2 21. Bxb5 Bc4 22. Bxc4 Rxc4 23. Kd3 Rfc8 24. c3 f5 25. exf5 Rxf4 26. Rhf1 Rxf1 27. Rxf1 Kg7 28. f6+ Kg6 29. Ke4 Rc5 30. g3 a5 31. Rf2 a4 32. Rf3 h5 33.
Rf2 b5 34. Rf3 Kg5 35. Rf2 Kg4 36. Rf3 Rc4+ 37. Ke3 a3 38. Rf2 a2 0-1

[Event "Early-Titled-Tuesday-Blitz-August-29-2023"]
[Site "Chess.com"]
[Date "2023.08.29"]
[Round "11"]
[White "Goffredo_Fofi"]
[Black "Irina_Barchuk"]
[Result "1-0"]
[WhiteElo "2542"]
[BlackElo "2339"]
[TimeControl "180+1"]
[EndTime "10:02:57 PDT"]
[Termination "Goffredo_Fofi won by checkmate"]

1. d4 Nf6 2. c3 g6 3. Bg5 Bg7 4. Nd2 O-O 5. e4 d6 6. Bd3 e5 7.
d5 h6 8. Bh4 a5 9. Ne2 c6 10.
c4 Na6 11. Nc3 Nc5 12. Bc2 Bd7 13. a4 Qb6 14. Rb1 Qb4 15. O-O cxd5 16. cxd5 Rfc8 17. f3 Rab8 18. Bf2 Ne8 19. Na2 Qb6 20. Nc4 Qd8 21.
Na3 Nc7 22. Nc3 N7a6 23. Nab5 Nb4 24. Rc1 Qe7 25. Bb1 Bf8 26. Na2 Nxa2 27. Bxa2 Qe8 28. Bxc5 Bxb5 29. axb5 dxc5 30. d6 Qxb5 31. Qd5 Qd7 32.
Rfd1 b6 33. Qxe5 Rd8 34. Qf6 Bg7 35. Qxg6 Kf8 36. Qh7 Bxb2 37. Rd5 Bg7 38. Rf5 f6 39. Qg8# 1-0

[Event "Early-Titled-Tuesday-Blitz-August-29-2023"]
[Site "Chess.com"]
[Date "2023.08.29"]
[Round "11"]
[White "Colombiano07"]
[Black "imdvb6307"]
[Result "1-0"]
[WhiteElo "2419"]
[BlackElo "2403"]
[TimeControl "180+1"]
[EndTime "10:03:01 PDT"]
[Termination "Colombiano07 won on time"]

1. d4 d5 2. c4 c6 3. cxd5 cxd5 4. Nc3 Nf6 5. Bf4 Nc6 6. e3 Bf5 7. Qb3 Na5 8. Qa4+ Bd7 9. Qd1 e6 10. Bd3 Rc8 11. h3 Bb4 12. Rc1 b5 13. Nf3 Nc4 14.
Bxc4 bxc4 15. O-O O-O 16. Ne5 Qe7 17. Bg5 Rc7 18. Qf3 Qd8 19. e4 Bxc3 20. bxc3 dxe4 21. Qg3 Rc8 22. Bxf6 Qxf6 23. Nxd7 Qe7 24. Nxf8 Kxf8 25. Rfe1 Qa3 26. Qh4 h6 27. Qxe4 Kg8 28. Rc2 Rb8 29. d5 exd5 30. Qxd5 Qa4 31. Rce2 g6 32. Re7 Rf8 33. h4 Qxa2 34. h5 Qc2 35. hxg6 Qxg6 36.
R1e3 Kh8 37. Rg3 Qf6 38. Qe5 Qxe5 39. Rxe5 1-0

[Event "Early-Titled-Tuesday-Blitz-August-29-2023"]
[Site "Chess.com"]
[Date "2023.08.29"]
[Round "11"]
[White "Lady_Nika"]
[Black "ChessicallyInclined"]
[Result "1-0"]
[WhiteElo "2484"]
[BlackElo "2660"]
[TimeControl "180+1"]
[EndTime "10:03:03 PDT"]
[Termination "Lady_Nika won by resignation"]

1. c4 c6 2. d4 d5 3. cxd5 cxd5 4. Nc3 Nf6 5. Nf3 Nc6 6. e3 a6 7. Bd3 Bg4 8. O-O Rc8 9. a3 e6 10. h3 Bh5 11. Be2 Bd6 12. Na4 Ne4 13. b4 b5 14. Nc5 Bxc5 15. bxc5 Nc3 16. Qd2 Nxe2+ 17. Qxe2 Qf6 18. Bb2 O-O 19. a4 Rb8 20. axb5 axb5 21. Ra6 Rfc8 22. Rb1 Bg6 23. Rba1 h6 24. Rb6 b4 25.
Raa6 Rxb6 26. Rxb6 Qe7 27. Qa6 Qd7 28. Qb5 f6 29. Nd2 Be8 30. Qa6 Rc7 31. Nb3 Kh7 32. Qd3+ Bg6 33. Qb5 Qc8 34. Na5 Nxa5 35. Qxa5 b3 36.
Rxb3 e5 37. dxe5 Rxc5 38. Qa7 Rc7 39. Qd4 fxe5 40. Qxd5 Bf7 41. Qe4+ Kg8 42. Ra3 Re7 43. Ra8 1-0

[Event "Early-Titled-Tuesday-Blitz-August-29-2023"]
[Site "Chess.com"]
[Date "2023.08.29"]
[Round "11"]
[White "Kostukov_Alex"]
[Black "Romkachess"]
[Result "1-0"]
[WhiteElo "2390"]
[BlackElo "2525"]
[TimeControl "180+1"]
[EndTime "10:03:03 PDT"]
[Termination "Kostukov_Alex won on time"]

1. g3 Nf6 2. Bg2 e6 3. d3 d5 4. e4 dxe4 5. dxe4 Qxd1+ 6. Kxd1 Bc5 7. f3 Ke7 8. Nd2 Rd8 9. c3 e5 10. Kc2 Be6 11. b4 Bb6 12. a4 a5 13. b5 Nbd7 14. Bh3 Nc5 15. Bxe6 Kxe6 16. Nh3 h6 17. Nc4 Rd3 18.
Be3 Rad8 19. Nf2 R3d7 20. Rhd1 Rxd1 21. Nxd1 Nfd7 22. Nf2 f6 23. f4 h5 24. f5+ Ke7 25. h3 Rc8 26. Ra2 Rh8 27. Ra1 Rc8 28. Ra2 Ra8 29.
Ra1 Rg8 30. Nd2 Nxa4 31. Bxb6 Ndxb6 32. Nd3 g6 33. Rg1 gxf5 34. exf5 Kd6 35. g4 hxg4 36.
hxg4 Nc5 37. Nxc5 Kxc5 38. Ne4+ Kxb5 39. Nxf6 Rd8 40. g5 a4 41. g6 Nc4 42. g7 a3 43.
g8=Q Rd2+ 44. Kb1 a2+ 45. Ka1 Na3 46. Qb3+ 1-0

[Event "Early-Titled-Tuesday-Blitz-August-29-2023"]
[Site "Chess.com"]
[Date "2023.08.29"]
[Round "11"]
[White "topin8"]
[Black "jcreyes69"]
[Result "0-1"]
[WhiteElo "2460"]
[BlackElo "2380"]
[TimeControl "180+1"]
[EndTime "10:03:03 PDT"]
[Termination "jcreyes69 won on time"]

1. e4 c5 2. Nf3 e6 3. c3 Nf6 4. e5 Nd5 5. d4 cxd4 6. cxd4 d6 7.
Bc4 Be7 8. O-O O-O 9. Nbd2 Bd7 10. Re1 Bc6 11. a3 Nd7 12. Ne4 dxe5 13. dxe5 Qc7 14.
Ned2 Rfd8 15. b4 b5 16. Bb3 a5 17. bxa5 Rxa5 18. Qc2 Nc5 19. Bb2 Rc8 20. Nd4 Bb7 21.
Rac1 Qd7 22. Qb1 Nf4 23. f3 Nfd3 24. Bc2 Nxe1 25. Bxh7+ Kh8 26. Rxe1 Na4 27. Be4 Bxe4 28. Rxe4 Nxb2 29. Qxb2 Rxa3 30. N2b3 Ra4 31. Kf1 Rac4 32. g3 Kg8 33. Kg2 Bc5 34. Nxc5 R8xc5 35. Nb3 Rc2+ 36.
Re2 Rxb2 37. Rxb2 Rc3 0-1

[Event "Early-Titled-Tuesday-Blitz-August-29-2023"]
[Site "Chess.com"]
[Date "2023.08.29"]
[Round "11"]
[White "sergoy"]
[Black "Sl4werThanYou"]
[Result "1-0"]
[WhiteElo "2958"]
[BlackElo "2758"]
[TimeControl "180+1"]
[EndTime "10:03:05 PDT"]
[Termination "sergoy won by checkmate"]

1. d4 Nf6 2. c4 e6 3. Nf3 d5 4.
Nc3 Ne4 5. g3 Bb4 6. Qc2 f5 7.
Bg2 O-O 8. O-O c6 9. Bf4 Bd7 10. h4 Be8 11. Ne5 Nd7 12. c5 Nxe5 13. Bxe5 Ba5 14. f3 Nf6 15. e4 fxe4 16. fxe4 Bg6 17.
Qb3 Bxc3 18. bxc3 Qd7 19. exd5 exd5 20. Rae1 Rae8 21. c4 dxc4 22. Qxc4+ Bf7 23. Qc2 Bd5 24. Bxd5+ Nxd5 25. Qe4 Qh3 26. Rxf8+ Rxf8 27. Bd6 Nf6 28. Qe7 Re8 29. Qxe8+ Nxe8 30. Rxe8+ Kf7 31. Re7+ Kg6 32.
Be5 Qf5 33. Rxg7+ Kh6 34. Rg5 Qb1+ 35. Kg2 Qe4+ 36. Kf2 Qc2+ 37. Kf3 Qd3+ 38. Kf4 Qd2+ 39. Kf5 Qc2+ 40. Ke6 Qxa2+ 41. Ke7 Qe2 42. Kd8 Qh5 43. Bg7# 1-0

[Event "Early-Titled-Tuesday-Blitz-August-29-2023"]
[Site "Chess.com"]
[Date "2023.08.29"]
[Round "11"]
[White "Witik"]
[Black "shimastream"]
[Result "0-1"]
[WhiteElo "2786"]
[BlackElo "2916"]
[TimeControl "180+1"]
[EndTime "10:03:05 PDT"]
[Termination "shimastream won by resignation"]

1. d4 d6 2. e4 Nf6 3. Nc3 g6 4. g3 Bg7 5. Bg2 O-O 6. Nge2 Nbd7 7. h3 c5 8. d5 Rb8 9. a4 b6 10. g4 a6 11. Ng3 b5 12. axb5 axb5 13. g5 Ne8 14. h4 Nc7 15. h5 e6 16. hxg6 hxg6 17.
Qg4 exd5 18. exd5 Re8+ 19. Kf1 Nf8 20. Qh4 b4 21. Nge4 Nd7 22. Bf4 Rb6 23. Na4 Ra6 24.
Nxd6 Ne5 25. Nxe8 Nxe8 26. Re1 Rxa4 27. Bxe5 Bxe5 28. Rxe5 Ra1+ 29. Re1 Ba6+ 30. c4 bxc3+ 31. Kg1 Rxe1+ 32. Kh2 Rxh1+ 33. Bxh1 c2 34. Qf4 Qd6 0-1

[Event "Early-Titled-Tuesday-Blitz-August-29-2023"]
[Site "Chess.com"]
[Date "2023.08.29"]
[Round "11"]
[White "MatthewG-p4p"]
[Black "YouJustFoundYourGodfather"]
[Result "1-0"]
[WhiteElo "2850"]
[BlackElo "2623"]
[TimeControl "180+1"]
[EndTime "10:03:05 PDT"]
[Termination "MatthewG-p4p won by resignation"]

1. f4 c5 2. Nf3 Nc6 3. g3 g6 4. Bg2 Bg7 5. O-O d5 6. d3 Nf6 7. Nc3 d4 8. Na4 Nd7 9. c4 O-O 10. a3 Rb8 11. b4 b6 12. Rb1 e6 13. e4 dxe3 14. Bxe3 Qe7 15. bxc5 bxc5 16. Rxb8 Ncxb8 17. Nd2 e5 18. Ne4 Na6 19. fxe5 Qxe5 20. Qd2 f5 21.
Ng5 Nf6 22. Re1 Qd6 23. Nc3 Nc7 24. Kh1 h6 25. Bf4 Qd8 26. Nf3 Ng4 27. h3 Nf2+ 28.
Kg1 Qxd3 29. Kxf2 Qxc3 30. Bxc7 Bd4+ 31. Kf1 Qxc4+ 32. Qe2 Ba6 33. Nxd4 Qxd4 34. Qxa6 Qd3+ 1-0

[Event "Early-Titled-Tuesday-Blitz-August-29-2023"]
[Site "Chess.com"]
[Date "2023.08.29"]
[Round "11"]
[White "Alexei_Gubajdullin"]
[Black "workhard91"]
[Result "1-0"]
[WhiteElo "2618"]
[BlackElo "2439"]
[TimeControl "180+1"]
[EndTime "10:03:05 PDT"]
[Termination "Alexei_Gubajdullin won by resignation"]

1. d4 Nf6 2. Nf3 d5 3. Bf4 c5 4. e3 Nc6 5. Nbd2 e6 6. c3 Bd6 7. Bg3 O-O 8. Bd3 b6 9. Ne5 Bb7 10. f4 Ne7 11. Qf3 Nf5 12. Bf2 Be7 13. g4 Nd6 14. g5 Nfe4 15. Rg1 c4 16. Bc2 b5 17. Qh3 a5 18. Rg4 f6 19. Rh4 fxe5 20. Rxh7 Nf5 21.
Qh5 Nh6 22. Qg6 Bf6 23. gxh6 Rf7 24. Nxe4 dxe4 25. dxe5 Bxe5 26. fxe5 Qf8 27. Rxg7+ Rxg7 28. Qxg7+ Qxg7 29. hxg7 Kxg7 30. Rd1 Bd5 31. Bg3 b4 32. Rd4 Rb8 33. Bxe4 Bxe4 34. Rxe4 bxc3 35. b3 c2 36. Kd2 cxb3 37. axb3 Rxb3 38. Kxc2 Ra3 39. Kb2 Rd3 40. Bf4 Kg6 41. Rd4 Rxd4 42. exd4 Kf5 43. Bd2 Ke4 44. Bxa5 Kxd4 45. Bc3+ Ke4 46. Kb3 Kf3 47. Kc4 Kg4 48.
Kc5 Kh3 49. Kd6 Kxh2 50. Kxe6 Kg3 51. Kd6 Kf4 52. e6 Kf5 53. e7 1-0